Map: Prion Terraces

Players

Scarlett

  • Race: Zerg Zerg
  • League: Grandmaster

Neeb - Winner!

  • Race: Protoss Protoss
  • League: Grandmaster

Event: Team Gravity's Fight Night #40

VOD

Have the link to the VOD?

Description

Time

  • Played on: April 10, 2016, 9:34 p.m.
  • Length: 7:41

All games in this series

Show
View Real Time Build Order
Export as new Build Order

Scarlett Zerg 

Build Orders: Hatch First 

Get SALT Encoding   

  12  0:01  Drone  
  13  0:08  Drone  
  14  0:17  Overlord  
  14  0:24  Extractor  
  14  0:25  Drone  
  15  0:36  Drone x2  
  17  0:51  Hatchery  
  17  0:54  Drone  
  17  1:00  Drone  
  18  1:11  Spawning Pool  
  18  1:13  Extractor  
  18  1:17  Drone  
  17  1:21  Drone  
  18  1:28  Drone  
  19  1:41  Drone  
  20  1:52  Hatchery  
  19  2:00  Zergling x2  
  20  2:04  Drone x2  
  22  2:11  Drone  
  23  2:16  Burrow  
  23  2:22  Roach Warren  
  22  2:27  Drone x2  
  24  2:33  Overlord  
  25  2:37  Drone x2  
  26  2:44  Overlord  
  26  2:47  Drone  
  27  3:04  Drone x2  
  27  3:05  Roach  
  31  3:09  Hatchery  
  31  3:12  Roach x2  
  34  3:14  Roach  
  34  3:18  Roach  
  38  3:23  Roach, Drone  
  39  3:28  Queen  
  41  3:39  Roach x2  
  41  3:41  Drone  
  41  3:42  Drone x2  
  44  3:51  Overlord x2  
  44  3:55  Overlord  
  44  3:56  Lair  
  44  3:58  Roach x2  
  44  4:04  Overlord  
  44  4:08  Extractor x2, Queen  
  44  4:13  Roach x2  
  40  4:27  Drone x6  
  44  4:35  Drone x2  
  42  4:38  Queen  
  42  4:39  Drone  
  42  4:40  Drone x2  
  42  4:44  Drone  
  42  4:45  Drone x2  
  50  4:47  Queen  
  50  4:50  Metabolic Boost  
  52  4:54  Extractor  
  49  5:00  Spore Crawler  
  49  5:03  Drone x5  
  50  5:08  Drone x3  
  50  5:09  Queen, Drone  
  54  5:16  Drone x3  
  54  5:19  Queen  
  55  5:22  Spore Crawler  
  55  5:25  Spore Crawler x2, Drone  
  53  5:30  Drone x2  
  55  5:36  Roach, Glial Reconstitution  
  55  5:39  Roach  
  55  5:40  Roach  
  61  5:43  Roach  
  61  5:48  Roach x2  
  67  5:53  Drone  
  67  5:54  Drone x3  
  71  5:58  Roach  
  71  5:59  Roach  
  75  6:05  Roach x3  
  81  6:15  Spire, Drone  
  81  6:20  Zergling x2  
  81  6:21  Overlord x2  
  82  6:32  Overlord  
  82  6:37  Overlord  
  82  6:41  Roach x8  
  82  6:44  Overlord  
  82  6:45  Overlord  
  94  7:04  Ravager x7  
  94  7:08  Roach x7  
  111  7:11  Zergling x8, Roach  
Show
View Real Time Build Order
Export as new Build Order

Neeb Protoss - Winner!

Build Orders: 1 Gate Expand 

Get SALT Encoding   

  12  0:00  Probe (Chrono Boost)  
  13  0:11  Probe (Chrono Boost)  
  14  0:17  Pylon  
  14  0:22  Probe (Chrono Boost)  
  16  0:35  Probe (Chrono Boost)  
  16  0:36  Gateway  
  16  0:46  Probe (Chrono Boost)  
  17  0:51  Assimilator  
  17  0:56  Probe (Chrono Boost)  
  18  1:07  Probe (Chrono Boost)  
  19  1:19  Nexus  
  19  1:22  Probe (Chrono Boost)  
  20  1:31  Cybernetics Core  
  20  1:35  Probe (Chrono Boost)  
  21  1:40  Assimilator  
  21  1:45  Probe (Chrono Boost)  
  22  1:50  Pylon  
  22  1:56  Probe (Chrono Boost)  
  23  2:07  Warp Gate  
  23  2:08  Probe (Chrono Boost), Zealot (Chrono Boost)  
  26  2:20  Mothership Core (Chrono Boost)  
  28  2:35  Pylon  
  28  2:36  Zealot  
  31  2:42  Robotics Facility  
  30  2:45  Probe (Chrono Boost)  
  30  2:47  Probe (Chrono Boost)  
  32  2:56  Probe (Chrono Boost)  
  32  2:58  Probe (Chrono Boost)  
  34  3:06  Probe (Chrono Boost)  
  34  3:09  Probe (Chrono Boost)  
  36  3:13  Stargate  
  36  3:14  Assimilator  
  36  3:17  Probe (Chrono Boost), Assimilator  
  36  3:19  Probe (Chrono Boost)  
  38  3:26  Pylon  
  38  3:27  Probe (Chrono Boost)  
  38  3:33  Immortal (Chrono Boost)  
  42  3:38  Probe x2  
  41  3:48  Probe  
  41  3:50  Probe  
  41  3:55  Gateway  
  42  4:00  Probe  
  42  4:01  Oracle (Chrono Boost)  
  42  4:02  Probe  
  46  4:07  Observer  
  47  4:12  Probe  
  47  4:14  Probe  
  48  4:24  Probe  
  48  4:26  Probe  
  48  4:27  Sentry  
  48  4:30  Pylon  
  51  4:31  Immortal (Chrono Boost)  
  51  4:36  Probe (Chrono Boost)  
  54  4:39  Probe (Chrono Boost)  
  55  4:47  Probe (Chrono Boost)  
  55  4:49  Probe  
  57  4:54  Sentry x2  
  57  4:59  Probe  
  62  5:01  Probe  
  62  5:07  Gateway  
  63  5:09  Gateway  
  63  5:13  Immortal (Chrono Boost)  
  67  5:24  Sentry, Gateway  
  67  5:25  Pylon  
  69  5:29  Gateway  
  69  5:34  Gateway  
  69  5:40  Gateway  
  69  5:45  Sentry  
  69  5:47  Sentry  
  73  5:54  Pylon  
  73  5:55  Pylon  
  73  5:57  Warp Prism (Chrono Boost)  
  73  6:03  Zealot  
  77  6:26  Stalker  
  77  6:27  Stalker x5  
  89  6:40  Pylon x2  
  89  6:49  Sentry x2  
  93  7:01  Stalker  
  93  7:02  Stalker x5  
  102  7:28  Stalker  
  102  7:29  Stalker x4  

Tags
 
Add a new tag
Caveats
  • Supply blocks, unpowered buildings, or Contaminate may cause inaccurate times.
  • Supply counts are checked every 10 seconds.